 Dungeon Crawl Stone Soup version 0.27.1-4-g1640c2035a (webtiles) character file.

Game seed: 7870474676313523379

202 Stomo444 the Gusty (level 5, -1/26 HPs)
             Began as a Vine Stalker Air Elementalist on Nov 12, 2021.
             Killed from afar by Sigmund (5 damage)
             ... with a magic dart
             ... on level 4 of the Dungeon.
             The game lasted 00:11:22 (3873 turns).

Stomo444 the Gusty (Vine Stalker Air Elementalist)  Turns: 3873, Time: 00:11:23

Health: -1/26      AC:  2    Str: 11    XL:     5   Next: 80%
Magic:  0/10       EV: 12    Int: 15    God:
Gold:   70         SH:  0    Dex: 15    Spells: 0/10 levels left

rFire    . . .     SeeInvis .   f - +3 rapier (speed)
rCold    . . .     Faith    .   (no shield)
rNeg     . . .     Spirit   +   a - +0 robe
rPois    .         Reflect  .   (no helmet)
rElec    .         Harm     .   (no cloak)
rCorr    .         Rampage  .   (no gloves)
Will     .....                  (no boots)
Stlth    ++........             (no amulet)
HPRegen  1.08/turn              (no ring)
MPRegen  0.12/turn              (no ring)

@: lethally poisoned (-1 -> -1)
A: fangs 2, regeneration 1, magic shield, antimagic bite, no potion heal 2
a: no special abilities


You were on level 4 of the Dungeon.
You visited 1 branch of the dungeon, and saw 4 of its levels.

You collected 70 gold pieces.

Inventory:

Hand Weapons
 f - a +3 rapier of speed (weapon)
 g - a +0 vorpal short sword
Armour
 a - a +0 robe (worn)
Scrolls
 b - 2 scrolls of identify
 c - a scroll of vulnerability
 d - a scroll of torment
 j - a scroll of teleportation {unknown}
Potions
 e - a potion of brilliance {unknown}
 h - a potion of cancellation {unknown}
 i - a potion of attraction {unknown}
 k - a potion of curing {unknown}
 l - a potion of haste {unknown}
 m - a potion of flight {unknown}


   Skills:
 + Level 1.7 Fighting
 + Level 1.7 Short Blades
 + Level 2.3 Dodging
 - Level 2.4 Stealth
 + Level 3.1 Spellcasting
 - Level 2.2 Conjurations
 + Level 3.7 Air Magic


You couldn't memorise any spells.
You knew the following spells:

 Your Spells              Type           Power      Damage    Failure   Level
a - Shock                 Conj/Air       44%        1d5       6%          1
b - Static Discharge      Conj/Air       11%        N/A       9%          2
c - Swiftness             Air            13%        N/A       13%         3
d - Airstrike             Air            6%         N/A       38%         4

Your spell library contained the following spells:

 Spells                   Type           Power      Damage    Failure   Level
 Summon Small Mammal      Summ           8%         N/A       21%         1
 Call Canine Familiar     Summ           2%         N/A       52%         3
 Summon Guardian Golem    Hex/Summ       2%         N/A       52%         3


Dungeon Overview and Level Annotations

Branches:
Dungeon (4/15)
 Temple: D:4-7

Altars:
Qazlal

Shops:
D:3 (

Annotations:
D:4 Sigmund


Innate Abilities, Weirdness & Mutations

You have extremely sharp teeth.
Your natural rate of healing is unusually fast.
When hurt, damage is shared between your health and your magic reserves.
Your bite disrupts and absorbs the magic of your enemies.
Potions cannot restore your health.


Message History

Aiming: Shock (safe; 6% risk of failure)
Press: ? - help, Shift-Dir - straight line, f/p - Sigmund
Aim: Sigmund, wielding a +0 scythe of venom and wearing a +0 robe (moderately wounded, 64% to hit)
The zap hits the orc.
You kill the orc!
The zap hits Sigmund.
Sigmund is heavily wounded.
Casting: Shock (safe; 6% risk of failure)
Confirm with . or Enter, or press ? or * to list all spells.
Aiming: Shock (safe; 6% risk of failure)
Press: ? - help, Shift-Dir - straight line, f/p - Sigmund
Aim: Sigmund, wielding a +0 scythe of venom and wearing a +0 robe (heavily wounded, 64% to hit)
The zap hits Sigmund.
Sigmund is heavily wounded.
Sigmund gestures at you while chanting.
You are confused.
You bump into the rock wall.
You bump into the rock wall.
You're too confused to move!
Sigmund mumbles some strange words.
Sigmund flickers and vanishes!
Deactivating autopickup; reactivate with Ctrl-A.
You bump into the rock wall.
A magic dart appears from out of thin air!
The magic dart hits you!
You're too confused to move!
Something hits you!
You are poisoned.
You bump into the rock wall.
You feel less confused.
You feel very sick.
Unknown command.
You feel very sick.
You feel sick.
You feel sick.
You feel sick.
You feel sick.
You feel sick.
A magic dart appears from out of thin air!
The magic dart hits you!
You die...

... #####.#
...#.#
###.#.#####.#
#...........#
#.#.#{########
#.#........#
#.#..#####.#
#.#.@#####
#.#.)....#
#.##.###.#
#)##.#...#
#.##.#...#
#.##.#...#
≈.##...†.#
P≈≈..P####.#
≈≈♣≈P. ..#


There were no monsters in sight!

Vanquished Creatures
  Crazy Yiuf (D:2)
  An iguana (D:4)
  An orc wizard (D:3)
  A hound zombie (D:3)
  2 adders (D:2)
  2 worms (D:2)
  2 dart slugs
  11 orcs
  6 bats
  10 endoplasms
  5 giant cockroaches
  5 goblins
  3 hobgoblins
  4 jackals (D:3)
  3 quokkas
  2 ball pythons (D:3)
  2 frilled lizards (D:2)
  3 kobolds
  3 rats
67 creatures vanquished.

Vanquished Creatures (others)
  21 plants (D:4)
21 creatures vanquished.

Grand Total: 88 creatures vanquished

Notes
Turn   | Place    | Note
-------+----------+-------------------------------------------
     0 | D:1      | Stomo444 the Vine Stalker Air Elementalist began the quest
                  | for the Orb.
     0 | D:1      | Reached XP level 1. HP: 9/9 MP: 4/4
   266 | D:1      | Reached XP level 2. HP: 13/13 MP: 0/6
   517 | D:1      | Found a faded altar of an unknown god.
  1091 | D:2      | Reached XP level 3. HP: 16/16 MP: 0/8
  1250 | D:2      | Learned a level 2 spell: Static Discharge
  1368 | D:2      | Found a runed translucent door.
  1373 | D:2      | Learned a level 3 spell: Swiftness
  1373 | D:2      | Noticed Crazy Yiuf
  1894 | D:2      | Gained mutation: Your natural rate of healing is unusually
                  | fast. [Vine Stalker growth]
  1894 | D:2      | Reached XP level 4. HP: 21/21 MP: 4/9
  2367 | D:2      | Identified a scroll of acquirement
  2412 | D:1      | Acquired a +3 rapier of speed
  2564 | D:2      | Killed Crazy Yiuf
  2914 | D:3      | Reached skill level 1 in Short Blades
  2957 | D:3      | Reached skill level 1 in Fighting
  3092 | D:3      | Found Qiuf's Antique Weapon Shoppe.
  3099 | D:3      | Reached XP level 5. HP: 25/25 MP: 5/10
  3128 | D:3      | Learned a level 4 spell: Airstrike
  3635 | D:3      | Found a stormy altar of Qazlal.
  3668 | D:4      | Noticed Sigmund
  3873 | D:4      | Killed from afar by Sigmund

Illustrated notes

Levels and vault maps discovered:
D:1:      scummos_arrival_forest, layout_loops_ring,
          shapermc_ecumenical_altar_mp_highgroup, nrook_mini_vaults
D:2:      minmay_door_path, layout_basic, uniq_crazy_yiuf_cottage
D:3:      layout_basic, nicolae_overflow_hidden_temple, serial_shops, shop,
          minmay_misc_feat_cross
D:4:      layout_basic, nemelex_dance_club_becter, serial_bayou_lagoon_a,
          uniq_robin, uniq_edmund, uniq_sigmund

Skill      XL: |  1  2  3  4 |
---------------+-------------+-----
Conjurations   | 2 |  2.2
Spellcasting   | 3 |  3.1
Short Blades   | 1 |  1.7
Fighting       | 1 |  1.7
Dodging        | 2 |  2.3
Stealth        | |  2.4
Air Magic      | |  3.7

Action                   |  1- 3 |  4- 6 || total
-------------------------+-------+-------++-------
Melee: Unarmed           |     2 |       ||     2
       Bite              |     6 |     9 ||    15
       Short sword       |    12 |       ||    12
       Rapier            |       |    57 ||    57
 Cast: Shock             |    74 |    56 ||   130
       Static Discharge  |       |     4 ||     4
  Use: Scroll            |       |     6 ||     6
Armor: Robe              |     2 |     7 ||     9
Dodge: Dodged            |    11 |    29 ||    40
